Map: Odyssey LE

Players

rafapras - Winner!

  • Race: Protoss Protoss
  • League: Diamond
  • Spawn Location: 11:00

DvzDark

  • Race: Zerg Zerg
  • League: Diamond
  • Spawn Location: 5:00

VOD

Have the link to the VOD?

Description

Time

  • Played on: Dec. 2, 2017, 8:14 a.m.
  • Length: 13:20
Show
View Real Time Build Order
Export as new Build Order

rafapras Protoss - Winner!

Build Orders: Double Forge 

Get SALT Encoding   

  12  0:03  Probe  
  13  0:15  Probe  
  13  0:21  Pylon  
  14  0:27  Probe  
  15  0:39  Probe  
  16  0:51  Probe  
  17  1:03  Probe  
  18  1:08  Nexus  
  18  1:20  Gateway  
  18  1:36  Probe  
  18  1:39  Assimilator  
  19  1:43  Assimilator  
  18  1:48  Pylon  
  18  1:49  Probe  
  19  2:00  Gateway  
  19  2:09  Cybernetics Core  
  19  2:13  Probe (Chrono Boost)  
  21  2:25  Probe (Chrono Boost)  
  21  2:27  Probe (Chrono Boost)  
  23  2:34  Probe (Chrono Boost)  
  23  2:35  Zealot (Chrono Boost)  
  26  2:39  Probe (Chrono Boost)  
  26  2:42  Probe x2 (Chrono Boost)  
  28  2:46  Warp Gate (Chrono Boost)  
  28  2:50  Adept  
  30  2:53  Probe  
  30  2:55  Probe  
  32  3:05  Probe  
  32  3:07  Probe  
  34  3:13  Stargate  
  34  3:18  Probe  
  36  3:20  Probe  
  36  3:29  Shield Battery  
  36  3:32  Probe x2 (Chrono Boost)  
  40  3:41  Pylon  
  40  3:44  Probe x2 (Chrono Boost)  
  40  3:46  Probe x2 (Chrono Boost)  
  42  3:49  Assimilator  
  42  3:52  Assimilator  
  42  3:57  Probe  
  42  3:59  Probe  
  47  4:04  Oracle  
  47  4:09  Probe  
  48  4:12  Probe  
  49  4:21  Probe  
  49  4:24  Probe  
  51  4:29  Pylon  
  51  4:33  Probe  
  51  4:35  Forge  
  51  4:36  Forge  
  51  4:37  Probe  
  53  4:39  Gateway  
  53  4:40  Gateway  
  54  4:47  Oracle (Chrono Boost)  
  54  4:52  Stalker  
  56  4:54  Adept  
  58  5:05  Probe  
  59  5:09  Pylon  
  59  5:11  Pylon  
  59  5:19  Zealot  
  61  5:39  Zealot x2  
  65  5:49  Protoss Ground Weapons Level 1  
  68  5:50  Protoss Ground Armor Level 1  
  68  5:53  Oracle (Chrono Boost)  
  68  5:54  Nexus  
  68  5:55  Robotics Facility  
  68  5:57  Probe, Pylon  
  68  5:58  Gateway, Pylon  
  68  6:00  Gateway  
  68  6:02  Gateway  
  67  6:04  Adept  
  67  6:05  Adept  
  71  6:11  Probe  
  71  6:12  Probe  
  71  6:16  Shield Battery  
  73  6:20  Shield Battery  
  73  6:23  Probe  
  73  6:24  Photon Cannon, Probe  
  75  6:34  Sentry x3  
  75  6:35  Probe  
  75  6:36  Probe  
  81  6:48  Probe x2  
  83  6:58  Observer (Chrono Boost)  
  83  7:00  Probe x2  
  86  7:06  Twilight Council  
  86  7:10  Immortal  
  86  7:12  Probe x2, Robotics Facility  
  86  7:14  Probe  
  93  7:24  Probe x2  
  93  7:26  Probe  
  93  7:31  Stalker x3  
  93  7:32  Stalker  
  93  7:36  Probe x2, Assimilator  
  103  7:38  Probe, Assimilator  
  103  7:43  Pylon  
  104  7:48  Photon Cannon, Probe x2  
  104  7:50  Photon Cannon  
  104  7:51  Probe  
  107  7:56  Charge  
  107  7:58  Immortal  
  107  8:00  Probe x2  
  107  8:03  Probe  
  104  8:11  Protoss Ground Weapons Level 2, Protoss Ground Armor Level 2  
  104  8:12  Probe  
  105  8:27  Templar Archives  
  105  8:38  Immortal (Chrono Boost)  
  105  8:39  Immortal (Chrono Boost)  
  113  8:42  Pylon, Dark Shrine  
  113  8:44  Pylon  
  113  8:46  Pylon  
  113  8:51  Psionic Storm  
  113  8:58  Void Ray  
  117  9:05  Zealot x4  
  117  9:06  Zealot x3  
  133  9:17  Observer x2 (Chrono Boost)  
  133  9:39  High Templar x4, Nexus  
  133  9:41  Pylon  
  133  9:43  Pylon  
  141  9:46  Assimilator  
  141  9:47  Pylon x2  
  141  9:49  Pylon  
  141  9:51  Assimilator  
  141  9:59  Immortal x2  
  149  10:02  Robotics Bay  
  149  10:05  Dark Templar x2  
  149  10:07  Dark Templar  
  155  10:11  Dark Templar  
  157  10:19  Shield Battery  
  157  10:20  Shield Battery  
  157  10:24  Shield Battery  
  157  10:25  Photon Cannon  
  157  10:30  Photon Cannon  
  157  10:37  Protoss Ground Weapons Level 3  
  157  10:38  Protoss Ground Armor Level 3  
  157  10:39  Immortal  
  157  11:14  High Templar  
  157  11:15  High Templar x3  
  157  11:16  Zealot x2  
  157  11:17  Zealot  
  167  11:20  Archon x2  
  167  11:27  Void Ray  
  171  11:48  Colossus (Chrono Boost)  
  171  11:49  Colossus (Chrono Boost)  
  183  12:00  Pylon  
  183  12:44  Stargate  
  183  12:49  Fleet Beacon  
Show
View Real Time Build Order
Export as new Build Order

DvzDark Zerg 

Build Orders: Hatch First 

Get SALT Encoding   

  12  0:01  Drone  
  13  0:13  Overlord  
  13  0:19  Drone  
  14  0:32  Drone  
  14  0:33  Drone  
  14  0:35  Drone  
  17  0:56  Hatchery  
  16  1:00  Drone  
  16  1:02  Drone  
  18  1:06  Extractor  
  18  1:10  Drone  
  18  1:29  Spawning Pool  
  17  1:36  Drone  
  17  1:37  Drone  
  19  2:00  Overlord  
  19  2:04  Drone  
  20  2:16  Metabolic Boost  
  20  2:22  Hatchery  
  19  2:32  Queen  
  19  2:34  Zergling x2  
  22  2:43  Queen  
  24  2:59  Drone x2  
  24  3:00  Drone  
  24  3:01  Drone  
  28  3:06  Drone x2  
  28  3:08  Pneumatized Carapace  
  30  3:17  Drone  
  30  3:19  Drone  
  32  3:33  Zergling x6  
  35  3:39  Zergling x2  
  36  3:41  Overlord  
  36  3:47  Drone  
  36  3:48  Drone x3  
  40  3:49  Overlord  
  40  4:03  Lair  
  40  4:13  Baneling Nest  
  39  4:17  Evolution Chamber  
  39  4:20  Drone  
  39  4:21  Drone x5  
  44  4:27  Overlord  
  44  4:39  Drone x2  
  44  4:40  Drone x2  
  44  4:43  Extractor x2  
  46  4:47  Queen  
  48  4:55  Spore Crawler  
  48  4:56  Spore Crawler  
  46  5:10  Spore Crawler x2  
  46  5:11  Drone x2  
  46  5:13  Drone x3  
  49  5:15  Drone x2  
  49  5:16  Drone  
  52  5:29  Drone x5  
  52  5:33  Extractor  
  56  5:36  Hydralisk Den  
  56  5:39  Centrifical Hooks  
  55  5:45  Overlord x2  
  55  5:49  Drone x5  
  61  5:50  Drone x3  
  63  6:16  Drone x2  
  63  6:17  Spore Crawler  
  63  6:18  Spore Crawler  
  63  6:19  Zergling x2  
  63  6:20  Zergling x18  
  71  6:55  Baneling x7  
  81  7:01  Zergling x20  
  81  7:05  Overlord x4  
  81  7:09  Muscular Augments  
  81  7:30  Baneling  
  81  7:31  Baneling  
  81  7:32  Baneling, Hatchery  
  80  7:42  Drone x4  
  80  7:43  Drone x14  
  98  7:48  Extractor  
  98  7:49  Extractor  
  85  8:26  Hydralisk x3  
  89  8:27  Hydralisk x11  
  89  8:30  Overlord  
  113  8:36  Extractor  
  113  8:38  Extractor  
  111  8:51  Baneling x21  
  111  8:57  Drone, Hatchery  
  111  8:59  Overlord x3  
  111  9:00  Overlord  
  111  9:01  Hydralisk x7  
  125  9:09  Overseer  
  125  9:14  Queen  
  127  9:29  Zergling x16  
  127  9:30  Zergling x8  
  139  9:33  Overseer  
  139  9:49  Overlord x2  
  139  9:50  Zergling x2  
  139  9:51  Zergling x16  
  148  10:14  Drone  
  148  10:15  Drone x2  
  148  10:17  Drone x3  
  148  10:19  Zergling x14  
  148  10:20  Zergling x4  
  163  10:24  Baneling x4  
  163  10:25  Baneling x4  
  163  10:27  Zerg Ground Armor Level 1  
  163  10:38  Zergling x20, Overlord x4  
  170  10:51  Burrow  
  170  10:54  Queen  
  159  11:08  Drone  
  159  11:09  Drone x5  
  162  11:14  Overlord x2  
  162  11:24  Extractor  
  161  11:28  Overlord  
  161  11:29  Hydralisk x2, Overlord  
  161  11:30  Hydralisk x8  
  181  11:35  Baneling x5  
  181  11:42  Drone  
  181  11:44  Drone  
  181  11:45  Drone  
  184  12:06  Hydralisk  
  184  12:07  Hydralisk x3  
  192  12:09  Zergling x2  
  192  12:10  Zergling x14  
  200  12:19  Infestation Pit  
  200  12:22  Spire  
Tags
 
Add a new tag
Caveats
  • Supply blocks, unpowered buildings, or Contaminate may cause inaccurate times.
  • Supply counts are checked every 10 seconds.